PAAA
FLORIDA MEN @ SCRANTON SUPERNOVAS
07/20/2034
 
TOP OF THE 1ST
Florida Men batting - Pitching for Scranton Supernovas : RHP Ángel Gardener
Pitching: RHP Ángel Gardener
Batting: SHB Henrique de Senna Fernandes 0-0: Called Strike
0-1: Swinging Strike
0-2: Strikes out swinging
Batting: RHB Henry Lambright 0-0: Called Strike
0-1: Ball
1-1: Called Strike
1-2: Foul Ball, location: 2F
1-2: Foul Ball, location: 2F
1-2: Ball
2-2: SINGLE (Line Drive, 56D)
Batting: LHB Jim Halpert 0-0: Called Strike
0-1: Called Strike
0-2: Ball
1-2: Fly out, F8 (Flyball, 78D)
Batting: LHB Iemitsu Hatsutori 0-0: Ball
1-0: Ball
Wild Pitch!
Henry Lambright to second
2-0: Ground out U3 (Groundball, 3)
Top of the 1st over - 0 runs, 1 hit, 0 errors, 1 left on base; Florida 0 - Scranton 0
BOTTOM OF THE 1ST
Scranton Supernovas batting - Pitching for Florida Men : RHP Scott Colorado
Pitching: RHP Scott Colorado
Batting: RHB Jesús Guzmán 0-0: Ball
1-0: SINGLE (Groundball, 56D)
Batting: RHB Mike Pate 0-0: Ball
1-0: Ground out 5-3 (Groundball, 56S)
Jesús Guzmán to second
Batting: LHB Chase Popoff 0-0: Ball
1-0: Foul Ball, location: 2F
1-1: Ball
Jesús Guzmán steals 3rd base
2-1: Ball
3-1: Foul Ball, location: 2F
3-2: Base on Balls
Batting: RHB Felipe Bruno 0-0: Ball
1-0: Called Strike
1-1: Ball
2-1: Foul Ball, location: 2F
2-2: Fly out, F7 (Flyball, 7S)
Runner from 3rd tags up, SCORES, throw made
Batting: RHB José Bravo 0-0: Called Strike
0-1: Foul Ball, location: 2F
0-2: 2-RUN HOME RUN (Flyball, 7LD), Distance : 368 ft
Batting: RHB Luke Kreijling 0-0: Ball
1-0: Ball
2-0: Ball
3-0: Base on Balls
Batting: RHB Senior Pond 0-0: Ball
Luke Kreijling steals 2nd base
1-0: Called Strike
1-1: Ground out 5-3 (Groundball, 5S)
Bottom of the 1st over - 3 runs, 2 hits, 0 errors, 1 left on base; Florida 0 - Scranton 3
TOP OF THE 2ND
Florida Men batting - Pitching for Scranton Supernovas : RHP Ángel Gardener
Batting: RHB Bob Phillips 0-0: Ball
1-0: Ball
2-0: Fly out, F2 (Popup, 25F)
Batting: RHB José Córdova 0-0: Called Strike
0-1: Ball
1-1: Ball
2-1: Ball
3-1: Foul Ball, location: 2F
3-2: Foul Ball, location: 2F
3-2: Fly out, F8 (Flyball, 8LS)
Batting: SHB Spencer Landes 0-0: Called Strike
0-1: Foul Ball, location: 2F
0-2: Ball
1-2: Ball
2-2: Strikes out swinging
Top of the 2nd over - 0 runs, 0 hits, 0 errors, 0 left on base; Florida 0 - Scranton 3
BOTTOM OF THE 2ND
Scranton Supernovas batting - Pitching for Florida Men : RHP Scott Colorado
Batting: RHB Rodrigo Lugo 0-0: Called Strike
0-1: Ball
1-1: Called Strike
1-2: Ground out 6-3 (Groundball, 56)
Batting: RHB Augusto Escobar 0-0: Called Strike
0-1: Fly out, F3 (Popup, 3F)
Batting: RHB Jesús Guzmán 0-0: Ball
1-0: Called Strike
1-1: Swinging Strike
1-2: Ball
2-2: Foul Ball, location: 2F
2-2: Strikes out swinging
Bottom of the 2nd over - 0 runs, 0 hits, 0 errors, 0 left on base; Florida 0 - Scranton 3
TOP OF THE 3RD
Florida Men batting - Pitching for Scranton Supernovas : RHP Ángel Gardener
Batting: LHB Alfred Miles 0-0: Ground out U3 (Groundball, 34S)
Batting: LHB Bastyão Lizardo 0-0: Ball
1-0: Called Strike
1-1: Ball
2-1: Ball
3-1: Base on Balls
Batting: SHB Henrique de Senna Fernandes 0-0: Ball
1-0: Ball
2-0: Foul Ball, location: 2F
2-1: Swinging Strike
2-2: Ball
3-2: Fly out, F8 (Flyball, 78D)
Batting: RHB Henry Lambright 0-0: Foul Ball, location: 2F
0-1: Foul Ball, location: 2F
0-2: Ball
1-2: Fly out, F8 (Flyball, 8LS)
Top of the 3rd over - 0 runs, 0 hits, 0 errors, 1 left on base; Florida 0 - Scranton 3
BOTTOM OF THE 3RD
Scranton Supernovas batting - Pitching for Florida Men : RHP Scott Colorado
Batting: RHB Mike Pate 0-0: Bunt missed!
0-1: Ball
1-1: Foul Ball, location: 2F
1-2: Foul Ball, location: 2F
1-2: Fly out, F8 (Flyball, 8LM)
Batting: LHB Chase Popoff 0-0: Foul Ball, location: 2F
0-1: Ball
1-1: Foul Ball, location: 2F
1-2: Ball
2-2: Fly out, F5 (Line Drive, 56)
Batting: RHB Felipe Bruno 0-0: DOUBLE (Flyball, 5D)
Batting: RHB José Bravo 0-0: Ball
1-0: Called Strike
1-1: Ground out 1-3 (Groundball, 15)
Bottom of the 3rd over - 0 runs, 1 hit, 0 errors, 1 left on base; Florida 0 - Scranton 3
TOP OF THE 4TH
Florida Men batting - Pitching for Scranton Supernovas : RHP Ángel Gardener
Batting: LHB Jim Halpert 0-0: Foul Ball, location: 2F
0-1: Swinging Strike
0-2: Ball
1-2: Foul Ball, location: 2F
1-2: Fly out, F6 (Flyball, 6D)
Batting: LHB Iemitsu Hatsutori 0-0: Ball
1-0: Foul Ball, location: 2F
1-1: SINGLE (Groundball, 4MD)
Batting: RHB Bob Phillips 0-0: Swinging Strike
0-1: Ball
1-1: Foul Ball, location: 2F
1-2: Foul Ball, location: 2F
1-2: Ball
2-2: Foul Ball, location: 2F
2-2: Ball
3-2: Grounds into double play, 3-6-3 (Groundball, 34)
Top of the 4th over - 0 runs, 1 hit, 0 errors, 0 left on base; Florida 0 - Scranton 3
BOTTOM OF THE 4TH
Scranton Supernovas batting - Pitching for Florida Men : RHP Scott Colorado
Batting: RHB Luke Kreijling 0-0: Ball
1-0: SINGLE (Groundball, 4MD)
Batting: RHB Senior Pond 0-0: Ball
1-0: Ball
2-0: Called Strike
2-1: Foul Ball, location: 2F
2-2: Foul Ball, location: 2F
2-2: Foul Ball, location: 2F
2-2: Ball
3-2: Strikes out looking
Batting: RHB Rodrigo Lugo 0-0: Called Strike
0-1: Foul Ball, location: 2F
0-2: Ground out 4-3 (Groundball, 4S)
Luke Kreijling to second
Batting: RHB Augusto Escobar 0-0: Called Strike
0-1: Ball
1-1: Fly out, F8 (Flyball, 78M)
Bottom of the 4th over - 0 runs, 1 hit, 0 errors, 1 left on base; Florida 0 - Scranton 3
TOP OF THE 5TH
Florida Men batting - Pitching for Scranton Supernovas : RHP Ángel Gardener
Batting: RHB José Córdova 0-0: Called Strike
0-1: Ground out 5-3 (Groundball, 56)
Batting: SHB Spencer Landes 0-0: Foul Ball, location: 2F
0-1: Foul Ball, location: 2F
0-2: Ball
1-2: Foul Ball, location: 2F
1-2: Foul Ball, location: 2F
1-2: Foul Ball, location: 2F
1-2: Ground out U3 (Groundball, 34S)
Batting: LHB Alfred Miles 0-0: Called Strike
0-1: Foul Ball, location: 2F
0-2: Fly out, F7 (Flyball, 78M)
Top of the 5th over - 0 runs, 0 hits, 0 errors, 0 left on base; Florida 0 - Scranton 3
BOTTOM OF THE 5TH
Scranton Supernovas batting - Pitching for Florida Men : RHP Scott Colorado
Batting: RHB Jesús Guzmán 0-0: Ball
1-0: Called Strike
1-1: Ball
2-1: Swinging Strike
2-2: Ball
3-2: SINGLE (Groundball, 13S) (infield hit)
Batting: RHB Mike Pate 0-0: Ball
1-0: Bunted foul
1-1: Bunted foul
1-2: Fly out, F7 (Line Drive, 7D)
Pitching: RHP Earl Simmons
Batting: LHB Chase Popoff 0-0: Foul Ball, location: 2F
0-1: Ball
Jesús Guzmán steals 2nd base
1-1: Ball
2-1: Ball
3-1: Base on Balls
Batting: RHB Felipe Bruno 0-0: Called Strike
0-1: Fly out, F2 (Popup, 23F)
Batting: RHB José Bravo 0-0: SINGLE (Line Drive, 78S)
Jesús Guzmán to third
Chase Popoff to second
Runner from 3rd tries for Home, SAFE, no throw
Batting: RHB Luke Kreijling 0-0: Ground out 3-1 (Groundball, 34S)
Bottom of the 5th over - 1 run, 2 hits, 0 errors, 2 left on base; Florida 0 - Scranton 4
TOP OF THE 6TH
Florida Men batting - Pitching for Scranton Supernovas : RHP Ángel Gardener
Batting: LHB Bastyão Lizardo 0-0: Ball
1-0: Ground out 6-3 (Groundball, 6)
Batting: SHB Henrique de Senna Fernandes 0-0: Foul Ball, location: 2F
0-1: Ball
1-1: Foul Ball, location: 2F
1-2: Foul Ball, location: 2F
1-2: Ball
2-2: SINGLE (Line Drive, 56D)
Batting: RHB Henry Lambright 0-0: Ball
1-0: Ball
2-0: Ground out 3-1 (Groundball, 34S)
Henrique de Senna Fernandes to second
Batting: LHB Jim Halpert 0-0: Ball
1-0: Ball
2-0: TRIPLE (Line Drive, 8RXD)
Henrique de Senna Fernandes scores
Batting: LHB Iemitsu Hatsutori 0-0: Called Strike
0-1: Ball
1-1: Called Strike
1-2: Foul Ball, location: 2F
1-2: Ball
2-2: Ball
3-2: Foul Ball, location: 2F
3-2: Base on Balls
Batting: RHB Bob Phillips 0-0: Foul Ball, location: 2F
0-1: Ball
1-1: Ball
2-1: Fly out, F4 (Popup, 4M)
Top of the 6th over - 1 run, 2 hits, 0 errors, 2 left on base; Florida 1 - Scranton 4
BOTTOM OF THE 6TH
Scranton Supernovas batting - Pitching for Florida Men : RHP Earl Simmons
Batting: RHB Senior Pond 0-0: Ball
1-0: Ball
2-0: SINGLE (Flyball, 78M)
Batting: RHB Rodrigo Lugo 0-0: Bunted foul
0-1: Sac Bunt - play at first, batter OUT! 1-4
Senior Pond to second
Batting: RHB Augusto Escobar 0-0: Swinging Strike
0-1: Ball
1-1: Ground out 6-3 (Groundball, 6)
Senior Pond to third
Batting: RHB Jesús Guzmán 0-0: Foul Ball, location: 2F
0-1: Foul Ball, location: 2F
0-2: Strikes out swinging
Bottom of the 6th over - 0 runs, 1 hit, 0 errors, 1 left on base; Florida 1 - Scranton 4
TOP OF THE 7TH
Florida Men batting - Pitching for Scranton Supernovas : RHP Ángel Gardener
Batting: RHB José Córdova 0-0: Called Strike
0-1: Foul Ball, location: 2F
0-2: Ball
1-2: Ball
2-2: Ball
3-2: Foul Ball, location: 2F
3-2: Base on Balls
Batting: SHB Spencer Landes 0-0: Ball
1-0: Swinging Strike
1-1: Ball
2-1: Called Strike
2-2: Strikes out swinging
Pitching: LHP Todd Howell
Batting: LHB Alfred Miles 0-0: Ball
Wild Pitch!
José Córdova to second
1-0: Foul Ball, location: 2F
1-1: Foul Ball, location: 2F
1-2: Ball
2-2: Ball
3-2: Base on Balls
Batting: LHB Bastyão Lizardo 0-0: Ball
1-0: Ball
2-0: Ball
3-0: Called Strike
3-1: Fielders Choice at 2nd, 1-6 (Groundball, 13)
José Córdova to third
Batting: SHB Henrique de Senna Fernandes 0-0: Foul Ball, location: 2F
0-1: Ball
1-1: Swinging Strike
1-2: Ball
2-2: Foul Ball, location: 2F
2-2: Strikes out swinging
Top of the 7th over - 0 runs, 0 hits, 0 errors, 2 left on base; Florida 1 - Scranton 4
BOTTOM OF THE 7TH
Scranton Supernovas batting - Pitching for Florida Men : RHP Earl Simmons
Batting: RHB Mike Pate 0-0: Fly out, F9 (Line Drive, 89M)
Batting: LHB Chase Popoff 0-0: Ball
1-0: Ball
2-0: Ball
3-0: Base on Balls
Batting: RHB Felipe Bruno 0-0: Ball
1-0: Called Strike
1-1: Foul Ball, location: 2F
1-2: Ball
2-2: Ball
3-2: Grounds into double play, 6-4-3 (Groundball, 6)
Bottom of the 7th over - 0 runs, 0 hits, 0 errors, 0 left on base; Florida 1 - Scranton 4
TOP OF THE 8TH
Florida Men batting - Pitching for Scranton Supernovas : LHP Todd Howell
Batting: RHB Henry Lambright 0-0: Ball
1-0: Swinging Strike
1-1: Ball
2-1: Ball
3-1: Base on Balls
Batting: LHB Jim Halpert 0-0: DOUBLE (Line Drive, 7LM)
Henry Lambright to third
Batting: LHB Iemitsu Hatsutori 0-0: Fly out, F6 (Line Drive, 6)
Batting: RHB Bob Phillips 0-0: Foul Ball, location: 2F
0-1: Ball
1-1: Foul Ball, location: 2F
1-2: Fly out, F8 (Flyball, 8RM)
Throwing error, E8
Henry Lambright scores
Jim Halpert to third
Batting: RHB José Córdova 0-0: Ball
1-0: Swinging Strike
1-1: Fly out, F7 (Flyball, 7S)
Top of the 8th over - 1 run, 1 hit, 1 error, 1 left on base; Florida 2 - Scranton 4
BOTTOM OF THE 8TH
Scranton Supernovas batting - Pitching for Florida Men : RHP Earl Simmons
Batting: RHB José Bravo 0-0: Called Strike
0-1: Ball
1-1: DOUBLE (Line Drive, 9LS)
Batting: RHB Luke Kreijling 0-0: Ball
1-0: TRIPLE (Flyball, 8LXD)
José Bravo scores
Batting: RHB Senior Pond 0-0: Foul Ball, location: 2F
0-1: Ball
1-1: SINGLE (Line Drive, 6)
Luke Kreijling scores
Pitching: RHP Tadayoshi Tanaka
Batting: RHB Rodrigo Lugo 0-0: Bunted foul
0-1: Bunt missed!
0-2: Ball
1-2: Ball
2-2: Ball
3-2: Foul Ball, location: 2F
3-2: Fly out, F6 (Line Drive, 6M)
Now at SS: Dave Norton
Batting: RHB Augusto Escobar 0-0: Ball
1-0: Foul Ball, location: 2F
1-1: Swinging Strike
1-2: Strikes out swinging
Batting: RHB Jesús Guzmán 0-0: Ball
1-0: Called Strike
1-1: Called Strike
1-2: Ball
2-2: Fielders Choice at 2nd, 5-4 (Groundball, 5L)
Bottom of the 8th over - 2 runs, 3 hits, 0 errors, 1 left on base; Florida 2 - Scranton 6
TOP OF THE 9TH
Florida Men batting - Pitching for Scranton Supernovas : LHP Todd Howell
Batting: SHB Spencer Landes 0-0: Called Strike
0-1: Ball
1-1: Foul Ball, location: 2F
1-2: Fly out, F5 (Popup, 5SF)
Batting: LHB Alfred Miles 0-0: Called Strike
0-1: Swinging Strike
0-2: Ball
1-2: Ball
2-2: Ball
3-2: Base on Balls
Batting: LHB Bastyão Lizardo 0-0: Ball
1-0: Ground out 4-3 (Groundball, 34)
Alfred Miles to second
Batting: RHB Dave Norton 0-0: Called Strike
0-1: Swinging Strike
0-2: Strikes out swinging
Top of the 9th over - 0 runs, 0 hits, 0 errors, 1 left on base; Florida 2 - Scranton 6
Friday, March 29th, 2019 - OOTP Baseball 18.8 Build 76